[Event "Titled Tuesday Blitz August 3 2021"]
[White "Wei, Yi"]
[Black "Quispe Arteaga, Gabriel"]
[WhiteFideId "8603405"]
[BlackFideId "32059809"]
[WhiteElo "2686"]
[BlackElo "2172"]
[Result "1-0"]
[Round "08"]
[TimeControl "180+1"]
[Date "2021.08.03"]
[WhiteClock "0:02:08"]
[BlackClock "0:00:07"]

1. d4 Nf6 2. c4 e6 3. g3 c5 4. d5 exd5 5. cxd5 d6 6. Bg2 g6 7. Nc3 Bg7 8. Nf3 O-O 9. O-O Re8 10. Re1 a6 11. a4 Bg4 12. Nd2 h5 13. Nc4 Bf8 14. h3 Bc8 15. Bf4 Nh7 16. e4 f6 17. a5 g5 18. Be3 g4 19. hxg4 hxg4 20. Bf4 Ng5 21. Bxg5 fxg5 22. Ne3 Nd7 23. Qxg4 Ne5 24. Qh5 Qe7 25. Nf5 Bxf5 26. exf5 Qf6 27. g4 Nf7 28. Re6 Qh8 29. Rg6+ Bg7 30. f6 1-0


[Site "https://www.chess.com"]

[Event "Titled Tuesday Blitz August 3 2021"]
[White "Zhigalko, Sergei"]
[Black "Bortnyk, Olexandr"]
[WhiteFideId "13502956"]
[BlackFideId "14120828"]
[WhiteElo "2662"]
[BlackElo "2723"]
[Result "0-1"]
[Round "08"]
[TimeControl "180+1"]
[Date "2021.08.03"]
[WhiteClock "0:00:01"]
[BlackClock "0:00:04"]

1. e4 Nf6 2. e5 Nd5 3. Nf3 d6 4. d4 dxe5 5. Nxe5 c6 6. Be2 Bf5 7. O-O Nd7 8. Nf3 e6 9. c4 N5f6 10. Bf4 Be7 11. Nc3 O-O 12. Re1 h6 13. Bf1 Qb6 14. Qd2 a5 15. Rad1 a4 16. a3 Rfd8 17. Qc1 Bg4 18. Be2 Qa5 19. h3 Bh5 20. Qc2 Bg6 21. Bd3 Bxd3 22. Qxd3 Nc5 23. Qc2 Nb3 24. Rd3 b5 25. cxb5 cxb5 26. d5 Nc5 27. Rdd1 Bf8 28. dxe6 Nxe6 29. Be5 Nh7 30. Nd5 b4 31. axb4 Bxb4 32. Nxb4 Qxb4 33. Bc3 Qb5 34. Qe4 Nhg5 35. Nxg5 Qxg5 36. Rxd8+ Qxd8 37. Qg4 Qg5 38. Re4 a3 39. bxa3 Qc1+ 40. Be1 Rxa3 41. Kh2 Ra1 42. Qe2 Qc7+ 43. g3 Qb7 44. Bc3 Rb1 45. Qe3 f5 46. Qd3 Qxe4 0-1


[Site "https://www.chess.com"]

[Event "Titled Tuesday Blitz August 3 2021"]
[White "Zubov, Alexander"]
[Black "Yoo, Christopher Woojin"]
[WhiteFideId "14109409"]
[BlackFideId "30909694"]
[WhiteElo "2740"]
[BlackElo "2105"]
[Result "1/2-1/2"]
[Round "08"]
[TimeControl "180+1"]
[Date "2021.08.03"]
[WhiteClock "0:00:10"]
[BlackClock "0:00:02"]

1. d4 Nf6 2. c4 e6 3. Nf3 d5 4. Nc3 c6 5. e3 a6 6. b3 Bb4 7. Bd2 O-O 8. Bd3 Nbd7 9. O-O Qe7 10. Qc2 e5 11. Nxe5 Nxe5 12. dxe5 Qxe5 13. cxd5 cxd5 14. Ne2 Bd6 15. Ng3 Qg5 16. Bc3 Ng4 17. Be2 h5 18. Bxg4 Bxg4 19. f4 Qe7 20. Bd4 g6 21. h3 Bd7 22. Qf2 Rac8 23. Nxh5 f6 24. Ng3 Rc7 25. Qf3 Qf7 26. Rad1 Rc2 27. e4 Bb5 28. Rf2 Rxf2 29. Qxf2 dxe4 30. Nxe4 Be7 31. f5 g5 32. Bc5 Bc6 33. Bxe7 Qxe7 34. Ng3 Rd8 35. Re1 Qb4 36. Kh2 Rd2 37. Re2 Rxe2 38. Qxe2 Qd6 39. Qh5 Qe7 40. Qe2 Qd6 41. Qc4+ Kg7 42. Qe2 Bd5 43. Qd3 Qe5 44. Qe2 Qd6 45. Qf2 Qe5 46. Kg1 Qd6 47. Nf1 Qe5 48. Ne3 Be4 49. Nc4 Qxf5 50. Nd6 Qxf2+ 51. Kxf2 Bc6 52. g4 Kf8 53. Kg3 Ke7 54. Nf5+ Ke6 55. h4 gxh4+ 56. Nxh4 Ke5 57. Ng6+ Ke4 58. Ne7 Bd7 59. Ng8 Ke5 60. Nh6 Be6 61. Kf3 a5 62. Ke3 b5 63. Kf3 a4 64. bxa4 bxa4 65. a3 Kd4 66. Kf4 Kc4 67. Nf5 Kc3 68. Nd6 Kb2 69. Ne4 Kxa3 70. Nc5 Bc8 71. g5 fxg5+ 72. Kxg5 Kb4 73. Nxa4 1/2-1/2


[Site "https://www.chess.com"]

[Event "Titled Tuesday Blitz August 3 2021"]
[White "Zverev, Lev"]
[Black "Ponikarovsky, Alexey"]
[WhiteFideId "24250775"]
[BlackFideId "4122887"]
[WhiteElo "2109"]
[BlackElo "1944"]
[Result "1-0"]
[Round "08"]
[TimeControl "180+1"]
[Date "2021.08.03"]
[WhiteClock "0:01:29"]
[BlackClock "0:02:33"]

1. e4 c5 2. Nf3 a6 3. c4 Nc6 4. d4 cxd4 5. Nxd4 e5 6. Nf5 d6 7. Ne3 Nf6 8. Nc3 Be7 9. Be2 O-O 10. O-O Be6 11. Ned5 h6 12. Be3 Rc8 13. f3 Qd7 14. Nb6 Qd8 15. Nxc8 Qxc8 16. b3 Rd8 17. Nd5 Bxd5 18. cxd5 Nb8 19. Bb6 Rf8 20. Rc1 Qe8 21. Qd2 Nbd7 22. Be3 Nh7 23. Rc7 Bg5 24. Bxg5 Nxg5 25. b4 f5 26. exf5 Rxf5 27. Rfc1 Rf8 28. Rxb7 Nf6 29. Rcc7 Rf7 30. Rxf7 Nxf7 31. Bxa6 e4 32. fxe4 Ne5 33. Qc2 Qg6 34. Be2 Qg5 35. Qc8+ Kh7 36. Qf5+ 1-0


[Site "https://www.chess.com"]

[Event "Titled Tuesday Blitz August 3 2021"]
[White "ketster"]
[Black "Yaran, Siar"]
[BlackFideId "6323006"]
[WhiteElo "2394"]
[BlackElo "1977"]
[Result "0-1"]
[Round "08"]
[TimeControl "180+1"]
[Date "2021.08.03"]
[WhiteClock "0:00:12"]
[BlackClock "0:00:09"]

1. Nf3 Nf6 2. g3 e6 3. c4 d5 4. Bg2 Be7 5. O-O O-O 6. b3 b6 7. Bb2 Bb7 8. Ne5 Nbd7 9. d4 Qc8 10. Nd2 Nxe5 11. dxe5 Nd7 12. cxd5 Bxd5 13. Bxd5 exd5 14. Nf3 Qb7 15. Rc1 c5 16. e3 Rfe8 17. Qd3 Rad8 18. Nd2 Nf8 19. f4 b5 20. f5 c4 21. Qe2 Bc5 22. Bd4 Qb6 23. Nf3 Nd7 24. Qf2 Nxe5 25. Nxe5 Rxe5 26. f6 g6 27. Qf4 Bxd4 28. exd4 Rf5 29. Qh4 Rxf1+ 30. Rxf1 h5 31. Qf4 Qd6 32. Qh6 Qf8 33. Qg5 c3 34. g4 hxg4 35. Qxg4 Qh6 36. Qg2 Re8 37. Qxd5 c2 38. Qc6 Re2 39. Rf2 c1=Q+ 40. Kg2 Rxf2+ 41. Kxf2 Qxc6 42. Ke2 Qe4+ 43. Kf1 Qc1+ 44. Kf2 Qce1# 0-1


[Site "https://www.chess.com"]

[Event "Titled Tuesday Blitz August 3 2021"]
[White "Abdusattorov, Nodirbek"]
[Black "Demidov, Mikhail"]
[WhiteFideId "14204118"]
[BlackFideId "4197143"]
[WhiteElo "2662"]
[BlackElo "2598"]
[Result "1-0"]
[Round "09"]
[TimeControl "180+1"]
[Date "2021.08.03"]
[WhiteClock "0:00:36"]
[BlackClock "0:01:07"]

1. d4 g6 2. e4 Bg7 3. Nf3 d6 4. Be2 a6 5. O-O e6 6. Nc3 Ne7 7. Be3 h6 8. a4 b6 9. Qd2 Bb7 10. Rad1 Nd7 11. h3 g5 12. Nh2 Ng6 13. Bh5 Nf6 14. Bxg6 fxg6 15. f3 O-O 16. Ng4 Nh5 17. Ne2 Qe7 18. c4 Rad8 19. a5 bxa5 20. Qxa5 Kh7 21. Qd2 Qf7 22. h4 gxh4 23. Bxh6 e5 24. Bxg7 Qxg7 25. dxe5 Bc8 26. Qg5 Kg8 27. Qxh4 Rde8 28. exd6 Qxb2 29. d7 Bxd7 30. Rxd7 Qxe2 31. Qg5 Nf4 32. Rf2 Qxc4 33. Nf6+ Rxf6 34. Qxf6 1-0


[Site "https://www.chess.com"]

[Event "Titled Tuesday Blitz August 3 2021"]
[White "Alavi, Sayed Javad"]
[Black "Quparadze, Giga"]
[WhiteFideId "12500607"]
[BlackFideId "13602250"]
[WhiteElo "2495"]
[BlackElo "2658"]
[Result "0-1"]
[Round "09"]
[TimeControl "180+1"]
[Date "2021.08.03"]
[WhiteClock "0:00:05"]
[BlackClock "0:01:28"]

1. e4 c5 2. Nf3 e6 3. d4 cxd4 4. Nxd4 a6 5. Nc3 Qc7 6. Be2 Nf6 7. O-O Nc6 8. Be3 Bb4 9. Na4 Be7 10. Nxc6 bxc6 11. Nb6 Rb8 12. Nxc8 Qxc8 13. Bd4 c5 14. Be5 Rb6 15. b3 O-O 16. Qd3 d6 17. Bb2 Nd7 18. Rfd1 Bf6 19. Bxf6 Nxf6 20. Qe3 Qc7 21. Rd2 a5 22. a4 d5 23. exd5 exd5 24. Qg3 Qe7 25. Bf3 d4 26. Re2 Qd8 27. Rae1 Rb4 28. Qe5 c4 29. Rd2 cxb3 30. c3 Rxa4 31. Qb5 Ra2 32. Rxd4 Qb8 33. Bb7 a4 34. h3 h6 35. Rb1 Qc7 36. Rc4 Qe7 37. Bf3 Qa3 38. Kh1 Ra1 39. Rxa1 Qxa1+ 40. Kh2 b2 41. Rb4 a3 0-1


[Site "https://www.chess.com"]

[Event "Titled Tuesday Blitz August 3 2021"]
[White "Al-Tarboush, Ward"]
[Black "Aitbayev, Aslan"]
[WhiteFideId "7601450"]
[BlackFideId "13704613"]
[WhiteElo "2567"]
[BlackElo "2723"]
[Result "0-1"]
[Round "09"]
[TimeControl "180+1"]
[Date "2021.08.03"]
[WhiteClock "0:00:02"]
[BlackClock "0:00:20"]

1. e4 e6 2. d4 d5 3. exd5 exd5 4. Bd3 Nc6 5. Nf3 Bg4 6. c3 Bd6 7. Nbd2 Nge7 8. O-O Qd7 9. Re1 f6 10. Nf1 Bf5 11. Ne3 Bxd3 12. Qxd3 O-O 13. Qb5 a6 14. Qb3 Kh8 15. Bd2 b5 16. a4 Na5 17. Qc2 Nc4 18. b3 Nxd2 19. Qxd2 c6 20. b4 bxa4 21. Qc2 a5 22. Qxa4 Bc7 23. Reb1 g6 24. h3 Rfb8 25. bxa5 Rxb1+ 26. Rxb1 Rxa5 27. Qc2 Kg7 28. Qe2 Ra3 29. Qb2 Ra7 30. Ne1 Qd6 31. Nd3 Qh2+ 32. Kf1 f5 33. Nc5 Kf7 34. f3 Bg3 35. Qb6 Ra2 36. Rb2 Qh1+ 37. Ke2 Qe1+ 38. Kd3 Bf4 39. Nc2 Qd2# 0-1


[Site "https://www.chess.com"]

[Event "Titled Tuesday Blitz August 3 2021"]
[White "Ambartsumova, Karina"]
[Black "Shimelkov, Vasiliy"]
[WhiteFideId "4166299"]
[BlackFideId "13701630"]
[WhiteElo "2552"]
[BlackElo "2676"]
[Result "1-0"]
[Round "09"]
[TimeControl "180+1"]
[Date "2021.08.03"]
[WhiteClock "0:01:31"]
[BlackClock "0:02:12"]

1. c4 c5 2. Nc3 Nc6 3. Nf3 g6 4. d4 cxd4 5. Nxd4 Bg7 6. Nc2 Bxc3+ 7. bxc3 d6 8. e4 Nf6 9. Bd3 O-O 10. O-O b6 11. f4 Na5 12. e5 dxe5 13. fxe5 Nh5 14. Nd4 Ba6 15. e6 Bxc4 16. Bxc4 Nxc4 17. exf7+ Rxf7 18. Rxf7 Kxf7 19. Qf1+ 1-0


[Site "https://www.chess.com"]

[Event "Titled Tuesday Blitz August 3 2021"]
[White "Andreikin, Dmitry"]
[Black "Sanal, Vahap"]
[WhiteFideId "4158814"]
[BlackFideId "6300545"]
[WhiteElo "2782"]
[BlackElo "2495"]
[Result "1-0"]
[Round "09"]
[TimeControl "180+1"]
[Date "2021.08.03"]
[WhiteClock "0:00:06"]
[BlackClock "0:00:06"]

1. Nf3 Nf6 2. c4 e6 3. e3 d5 4. Nc3 Be7 5. b3 b6 6. Bb2 Bb7 7. d4 O-O 8. Bd3 c5 9. cxd5 exd5 10. O-O Nbd7 11. Rc1 Rc8 12. Qe2 Qc7 13. Bf5 Rcd8 14. Rfd1 Rfe8 15. Qc2 g6 16. Bh3 Qb8 17. Qb1 c4 18. bxc4 dxc4 19. e4 Bb4 20. e5 Bxc3 21. Rxc3 Nd5 22. Rxc4 Nf4 23. d5 Nxh3+ 24. gxh3 Nc5 25. e6 Rxd5 26. exf7+ Kxf7 27. Qc1 Rxd1+ 28. Qxd1 Qd8 29. Ne5+ Kg8 30. Rd4 Qf6 31. Ng4 Qg5 32. h4 Qxh4 33. Rf4 Qg5 34. Bc1 Nd3 35. Qb3+ Kg7 36. Rf7+ Kh8 37. Qc3+ Qe5 38. Nxe5 Rxe5 39. Bf4 Kg8 40. Bxe5 Nc1 41. Qxc1 Kxf7 42. Qc7+ Ke6 43. Qxb7 Kxe5 44. Qxa7 g5 45. Qxb6 1-0


[Site "https://www.chess.com"]

[Event "Titled Tuesday Blitz August 3 2021"]
[White "Andrews, Todd"]
[Black "Tologon tegin, Semetei"]
[WhiteFideId "2012456"]
[BlackFideId "13800574"]
[WhiteElo "2432"]
[BlackElo "2224"]
[Result "0-1"]
[Round "09"]
[TimeControl "180+1"]
[Date "2021.08.03"]
[WhiteClock "0:00:12"]
[BlackClock "0:00:08"]

1. d4 d5 2. c4 e6 3. Nc3 Nf6 4. cxd5 exd5 5. Bg5 Nbd7 6. Qc2 Bb4 7. e3 O-O 8. Bd3 h6 9. Bh4 c5 10. Nf3 Qa5 11. O-O Bxc3 12. bxc3 c4 13. Bf5 Re8 14. Nd2 Qa6 15. e4 dxe4 16. Nxe4 Nxe4 17. Bxe4 Nf6 18. Bf3 Bg4 19. Bxf6 Bxf3 20. Be5 Bd5 21. Rfe1 Re6 22. Re3 Rg6 23. Bg3 Qc6 24. f4 Re6 25. Rae1 Rae8 26. Re5 f6 27. Rxe6 Rxe6 28. f5 Rxe1+ 29. Bxe1 Be4 30. Qf2 Qd5 31. g4 b5 32. Bd2 a5 33. a3 Kh7 34. Qg3 b4 35. axb4 axb4 36. cxb4 Qxd4+ 37. Qe3 Qa1+ 38. Kf2 Qh1 39. h3 Qg2+ 40. Ke1 Bd3 41. Kd1 Qh1+ 42. Be1 Qa8 43. Bc3 Qa2 44. Qd2 Qb1+ 45. Qc1 Be2+ 46. Kd2 Qd3+ 47. Ke1 Qf3 48. Kd2 Bd3 49. Qe1 Qg2+ 50. Ke3 Qxh3+ 51. Kd4 Qxg4+ 52. Kc5 Qxf5+ 53. Kd6 Qf4+ 54. Kc5 Qc7+ 55. Kd4 Qd6+ 56. Ke3 h5 57. Qh4 Kg6 58. b5 Qc5+ 59. Bd4 Qxb5 60. Qg3+ Kh7 61. Qc7 Qf5 62. Kd2 h4 63. Kc3 h3 64. Qg3 Qh5 65. Qh2 Kg6 66. Kb4 Kh7 67. Kc3 Qf3 68. Kb4 Qg2 69. Bg1 Qxh2 70. Bxh2 Kg6 71. Kc3 Kf5 72. Kd2 Ke4 73. Bg3 g5 74. Bh2 f5 0-1


[Site "https://www.chess.com"]

[Event "Titled Tuesday Blitz August 3 2021"]
[White "Anuj Shrivatri"]
[Black "Ashiev, Eduard"]
[WhiteFideId "35070924"]
[BlackFideId "4130090"]
[WhiteElo "2038"]
[BlackElo "2106"]
[Result "1-0"]
[Round "09"]
[TimeControl "180+1"]
[Date "2021.08.03"]
[WhiteClock "0:00:36"]
[BlackClock "0:00:01"]

1. c4 c5 2. g3 g6 3. Bg2 Bg7 4. Nc3 Nc6 5. Nf3 d6 6. O-O e5 7. Ne1 Nge7 8. Nc2 O-O 9. Ne3 a6 10. a3 Rb8 11. b4 cxb4 12. axb4 Nxb4 13. Ba3 a5 14. Bxb4 axb4 15. Ncd5 Nc6 16. Qb3 f5 17. Nxb4 Nd4 18. Qd1 f4 19. Ned5 f3 20. exf3 Bf5 21. d3 Kh8 22. Ra7 Qg5 23. f4 exf4 24. Nxf4 Bd7 25. Nbd5 Bc6 26. h4 Qh6 27. Ne3 Rxf4 28. gxf4 Qxf4 29. Qg4 Qf6 30. Bxc6 bxc6 31. f4 Rf8 32. Kg2 Nf5 33. Nxf5 gxf5 34. Qg5 Qd4 35. Qe7 Rg8 36. Kh2 Qxd3 37. Rf2 Qd4 38. Raa2 Qxc4 39. h5 Bd4 40. Rg2 Rxg2+ 41. Rxg2 1-0


[Site "https://www.chess.com"]

[Event "Titled Tuesday Blitz August 3 2021"]
[White "Arabidze, Meri"]
[Black "Ataman, Alper Efe"]
[WhiteFideId "13604040"]
[BlackFideId "6301606"]
[WhiteElo "2432"]
[BlackElo "2023"]
[Result "1-0"]
[Round "09"]
[TimeControl "180+1"]
[Date "2021.08.03"]
[WhiteClock "0:00:12"]
[BlackClock "0:00:34"]

1. Nf3 Nf6 2. d4 g6 3. g3 Bg7 4. Bg2 O-O 5. O-O d6 6. a4 a5 7. Re1 Nbd7 8. e4 e5 9. Nc3 c6 10. h3 Qc7 11. Be3 Re8 12. Qd2 b6 13. d5 cxd5 14. exd5 Ba6 15. Bh6 Bh8 16. Ng5 Rac8 17. Rac1 Qc5 18. Nce4 Nxe4 19. Nxe4 Qc7 20. c4 Nc5 21. Nxc5 bxc5 22. h4 Rb8 23. Bf1 Rb4 24. h5 f5 25. Qg5 Qf7 26. hxg6 hxg6 27. Qd2 e4 28. Rc2 Be5 29. Bf4 Qf6 30. Bxe5 Qxe5 31. b3 Kg7 32. Rc3 Rh8 33. Bg2 Bc8 34. Ree3 Qd4 35. Qe1 Bd7 36. Rc1 Rh6 37. Rd1 Qf6 38. f3 g5 39. fxe4 f4 40. e5 dxe5 41. Rxe5 Rxb3 42. Re7+ Kg6 43. Rxd7 Rxg3 44. Qe8+ Kf5 45. Rf7 Kg4 46. Rxf6 Rxf6 47. Qd7+ Kh4 48. Qh7+ Kg4 49. Kf2 f3 50. Bf1 Kf4 51. d6 g4 52. d7 Rh3 53. Bxh3 g3+ 54. Kf1 1-0


[Site "https://www.chess.com"]

[Event "Titled Tuesday Blitz August 3 2021"]
[White "Assaubayeva, Bibisara"]
[Black "Papasimakopoulos, Alexandros"]
[WhiteFideId "13708694"]
[BlackFideId "4244125"]
[WhiteElo "2232"]
[BlackElo "2352"]
[Result "1/2-1/2"]
[Round "09"]
[TimeControl "180+1"]
[Date "2021.08.03"]
[WhiteClock "0:00:11"]
[BlackClock "0:00:11"]

1. d4 f5 2. Nc3 d5 3. Bg5 h6 4. Bf4 a6 5. e3 Nf6 6. h4 g6 7. h5 g5 8. Bg3 Bg7 9. Nf3 Ne4 10. Be5 Nf6 11. Bd3 Nc6 12. Qd2 Nxe5 13. Nxe5 O-O 14. f3 Be6 15. Ne2 c5 16. c3 c4 17. Bc2 b5 18. Ng3 Nd7 19. Ng6 Rf6 20. e4 dxe4 21. fxe4 f4 22. Nf5 Bxf5 23. exf5 e6 24. O-O-O exf5 25. Rde1 Rf7 26. Bxf5 Nf8 27. Be6 Nxe6 28. Rxe6 b4 29. cxb4 Qxd4 30. Qxd4 Bxd4 31. Rd1 Bg7 32. Kc2 g4 33. Rf1 f3 34. gxf3 gxf3 35. Re7 Rf5 36. Re3 Rxh5 37. Rexf3 Rh2+ 38. R1f2 Rxf2+ 39. Rxf2 Re8 40. a4 Kh7 41. Nh4 h5 42. b5 axb5 43. axb5 Re5 44. b6 Rb5 45. Rf5 Rxb2+ 46. Kc1 Rxb6 47. Rxh5+ Kg8 48. Nf5 Bf6 49. Ne3 Rc6 50. Kc2 Kf7 51. Nd5 Bg7 52. Rh1 Rc5 53. Rf1+ Ke6 54. Nf4+ Kd6 55. Rd1+ Ke7 56. Ng6+ Kf6 57. Nf4 Kf5 58. Nd5 Rb5 59. Rf1+ Ke4 60. Nc3+ Bxc3 61. Kxc3 Rb3+ 62. Kxc4 Re3 63. Rd1 Kf3 64. Rd3 Rxd3 65. Kxd3 1/2-1/2


[Site "https://www.chess.com"]

[Event "Titled Tuesday Blitz August 3 2021"]
[White "Babiy, Olga"]
[Black "Dang, Hoang Son"]
[WhiteFideId "14117258"]
[BlackFideId "12402435"]
[WhiteElo "2230"]
[BlackElo "2248"]
[Result "0-1"]
[Round "09"]
[TimeControl "180+1"]
[Date "2021.08.03"]
[WhiteClock "0:00:14"]
[BlackClock "0:01:11"]

1. Nf3 g6 2. d4 Bg7 3. e4 d6 4. Bc4 Nf6 5. Qe2 O-O 6. h3 Nc6 7. c3 e5 8. dxe5 Nxe5 9. Nxe5 dxe5 10. O-O Qe7 11. Nd2 Nh5 12. Nb3 Kh8 13. Be3 Nf4 14. Qf3 Qg5 15. Bxf4 exf4 16. Rad1 c6 17. Nd4 h5 18. Ne2 Be5 19. Rd4 b5 20. Bb3 a5 21. a4 Rb8 22. axb5 Rxb5 23. Ba4 Rxb2 24. Bxc6 Ba6 25. Re1 Bxe2 26. Rxe2 Rb1+ 27. Kh2 h4 28. Qg4 f3+ 0-1


[Site "https://www.chess.com"]

[Event "Titled Tuesday Blitz August 3 2021"]
[White "Ballester Llagaria, Luis Eduardo"]
[Black "Mohammad Nubairshah Shaikh"]
[WhiteFideId "2297620"]
[BlackFideId "5053196"]
[WhiteElo "2344"]
[BlackElo "2382"]
[Result "0-1"]
[Round "09"]
[TimeControl "180+1"]
[Date "2021.08.03"]
[WhiteClock "0:00:20"]
[BlackClock "0:01:57"]

1. e4 g6 2. d4 Bg7 3. Nc3 c6 4. Nf3 d6 5. h3 Nf6 6. Bd3 O-O 7. O-O Nbd7 8. e5 Ne8 9. Qe2 dxe5 10. dxe5 Nc5 11. Bc4 Be6 12. Be3 Bxc4 13. Qxc4 Ne6 14. Rad1 Qc8 15. Qh4 f6 16. Bh6 g5 17. Nxg5 fxg5 18. Bxg5 Nxg5 19. Qxg5 Rf5 20. Qxe7 Rxe5 21. Qh4 Qe6 22. f4 Re3 23. f5 Qe7 24. Qf2 Nf6 25. g4 Rxh3 26. g5 Ne4 27. Rde1 Qxg5+ 28. Qg2 Bd4+ 0-1


[Site "https://www.chess.com"]

[Event "Titled Tuesday Blitz August 3 2021"]
[White "Baskin, Robert"]
[Black "Brunner, Nicolas"]
[WhiteFideId "24662402"]
[BlackFideId "620246"]
[WhiteElo "2462"]
[BlackElo "2372"]
[Result "1-0"]
[Round "09"]
[TimeControl "180+1"]
[Date "2021.08.03"]
[WhiteClock "0:00:08"]
[BlackClock "0:00:10"]

1. e4 e5 2. Nf3 Nc6 3. Bc4 Nf6 4. Ng5 d5 5. exd5 Na5 6. Bb5+ c6 7. dxc6 bxc6 8. Bd3 Bc5 9. O-O O-O 10. Nc3 h6 11. Nge4 Nxe4 12. Nxe4 Bb6 13. b4 Nb7 14. Bb2 f5 15. Nc5 Nxc5 16. bxc5 Bxc5 17. Bc4+ Kh7 18. Bxe5 Bd4 19. Bxd4 Qxd4 20. d3 c5 21. Qf3 Rb8 22. Rab1 Rb6 23. Rxb6 axb6 24. h3 Bd7 25. Re1 b5 26. Bd5 Qf6 27. Qf4 Re8 28. Rxe8 Bxe8 29. g4 Qa1+ 30. Kh2 fxg4 31. hxg4 Bd7 32. Be4+ Kg8 33. Bd5+ Kh7 34. Kg2 Qc3 35. Qf7 Bxg4 36. Be4+ 1-0


[Site "https://www.chess.com"]

[Event "Titled Tuesday Blitz August 3 2021"]
[White "Batsuren, Dambasuren"]
[Black "Martinez Alcantara, Jose Eduardo"]
[WhiteFideId "4902920"]
[BlackFideId "3805662"]
[WhiteElo "2371"]
[BlackElo "2690"]
[Result "0-1"]
[Round "09"]
[TimeControl "180+1"]
[Date "2021.08.03"]
[WhiteClock "0:00:01"]
[BlackClock "0:01:22"]

1. d4 Nf6 2. c4 e6 3. Nc3 Bb4 4. Bd2 b6 5. e3 Bb7 6. Nf3 O-O 7. Bd3 Bxc3 8. Bxc3 Ne4 9. Rc1 Nxc3 10. Rxc3 d6 11. O-O Nd7 12. e4 e5 13. d5 a5 14. b3 c5 15. Bc2 Nf6 16. Nd2 Bc8 17. Rg3 Qe7 18. Re1 g6 19. Nf1 Kh8 20. Rge3 Bd7 21. Ng3 b5 22. cxb5 Bxb5 23. h4 Bd7 24. f3 h5 25. Ne2 Nh7 26. g3 Rg8 27. Kf2 Raf8 28. Rh1 f5 29. exf5 gxf5 30. Nf4 Qg7 31. Nxh5 Qh6 32. f4 Be8 33. fxe5 Bxh5 34. Qd3 f4 35. Re4 fxg3+ 36. Kg2 Rf2+ 37. Kh3 Bf3 38. exd6 Ng5+ 0-1


[Site "https://www.chess.com"]

[Event "Titled Tuesday Blitz August 3 2021"]
[White "Berezin, Viktor"]
[Black "Liyanage, Ranindu Dilshan"]
[WhiteFideId "14107872"]
[BlackFideId "9915834"]
[WhiteElo "2310"]
[BlackElo "1839"]
[Result "0-1"]
[Round "09"]
[TimeControl "180+1"]
[Date "2021.08.03"]
[WhiteClock "0:00:16"]
[BlackClock "0:00:08"]

1. d4 Nf6 2. c4 e6 3. Nf3 d5 4. g3 Be7 5. Bg2 O-O 6. O-O dxc4 7. Qc2 a6 8. a4 Nc6 9. Rd1 Na5 10. Nbd2 b5 11. axb5 axb5 12. Ne5 Bb7 13. Bxb7 Nxb7 14. Rxa8 Qxa8 15. b3 cxb3 16. Nxb3 Bd6 17. Bb2 Nd5 18. e4 Nb4 19. Qc3 Rd8 20. d5 f6 21. Nc6 Nxc6 22. dxc6 Be5 23. Nd4 Nd6 24. Ra1 Qb8 25. Qb3 Nc4 26. Rd1 Kf7 27. Ba1 Qb6 28. Ne2 Rxd1+ 29. Qxd1 Bxa1 30. Qxa1 Qxc6 31. Qd4 Qd6 32. Qa7 Qd1+ 33. Kg2 Qxe2 34. Qxc7+ Kg6 35. Qf4 Ne5 36. h4 h5 37. Qc1 b4 38. Qb1 Qf3+ 39. Kg1 b3 40. Kf1 Nd3 41. Kg1 Qxf2+ 42. Kh1 Qf3+ 43. Kh2 Qxe4 44. Qf1 Ne5 45. Kh3 Qg4+ 46. Kh2 Qf3 47. Qb1+ f5 48. Qb2 Ng4+ 49. Kh3 Qh1+ 50. Qh2 Qxh2# 0-1


[Site "https://www.chess.com"]

[Event "Titled Tuesday Blitz August 3 2021"]
[White "Bortnyk, Olexandr"]
[Black "Le, Tuan Minh"]
[WhiteFideId "14120828"]
[BlackFideId "12401153"]
[WhiteElo "2723"]
[BlackElo "2450"]
[Result "0-1"]
[Round "09"]
[TimeControl "180+1"]
[Date "2021.08.03"]
[WhiteClock "0:00:04"]
[BlackClock "0:00:05"]

1. e4 c5 2. Be2 g6 3. d3 Bg7 4. f4 Nc6 5. Nf3 e6 6. c3 Nge7 7. Be3 d6 8. O-O f5 9. Nbd2 O-O 10. Qe1 b6 11. Qh4 h6 12. Rae1 Ba6 13. Qg3 d5 14. exf5 Nxf5 15. Qh3 Nxe3 16. Qxe6+ Kh7 17. Qxe3 d4 18. Qe6 dxc3 19. bxc3 Qc8 20. Qb3 Rxf4 21. Ne4 Rf5 22. Nd6 Qd7 23. Nxf5 Qxf5 24. Qa4 Bb7 25. d4 cxd4 26. cxd4 Rd8 27. Ne5 Rxd4 28. Rxf5 Rxa4 29. Rf7 Nxe5 30. Rxb7 h5 31. Bd1 Rd4 32. Bxh5 Kh6 33. Bf3 Rd2 34. Rxa7 Nc4 35. h4 Bd4+ 36. Kh2 Ne5 37. Rf1 b5 38. Ra6 b4 39. Kg3 Bc5 40. Re6 Bd6 41. Kh3 Kg7 42. Rd1 Rxd1 43. Bxd1 Bb8 44. Bb3 Nd3 45. Re7+ Kf8 46. Rf7+ Ke8 47. Rb7 Nf2# 0-1


[Site "https://www.chess.com"]

[Event "Titled Tuesday Blitz August 3 2021"]
[White "Buscar, Michael"]
[Black "Drogovoz, Irina"]
[WhiteFideId "2603616"]
[BlackFideId "4176715"]
[WhiteElo "2010"]
[BlackElo "2163"]
[Result "1/2-1/2"]
[Round "09"]
[TimeControl "180+1"]
[Date "2021.08.03"]
[WhiteClock "0:00:21"]
[BlackClock "0:00:55"]

1. d4 Nf6 2. c4 g6 3. Nf3 Bg7 4. g3 O-O 5. Bg2 d5 6. O-O dxc4 7. Na3 c3 8. bxc3 c5 9. Nc4 Nc6 10. Ba3 Ne4 11. Qb3 cxd4 12. cxd4 Be6 13. Qxb7 Rc8 14. Nce5 Nxd4 15. Bxe7 Nxf3+ 16. Nxf3 Nd6 17. Qxa7 Ra8 18. Bxd8 Rxa7 19. Bb6 Rxa2 20. Rxa2 Bxa2 21. Bc5 Rd8 22. Rd1 Nb7 23. Rxd8+ Nxd8 24. Nd4 Ne6 25. Nxe6 Bxe6 26. h4 h5 27. Be4 Bc4 28. e3 Bc3 29. Kg2 Kg7 30. Bf3 Kg8 31. Bc6 Bd3 32. Kf3 Bf5 33. Be4 Bg4+ 34. Kg2 Be2 35. f3 Bc4 36. Bc6 Be1 37. e4 Bc3 38. Be3 Kg7 39. Kf2 Kf6 40. Be8 Ke6 41. Ba4 f5 42. exf5+ Kxf5 43. Bc2+ Kf6 44. Bg5+ Kf7 45. Ke3 Bb2 46. g4 hxg4 47. fxg4 Bc1+ 48. Kf3 Bxg5 49. hxg5 Kg7 50. Kf4 Bd5 51. Be4 Bb3 52. Ke5 Ba2 53. Bxg6 Kxg6 54. Kd4 Kxg5 55. Kc3 Kxg4 1/2-1/2


[Site "https://www.chess.com"]

[Event "Titled Tuesday Blitz August 3 2021"]
[White "Costachi, Mihnea"]
[Black "Zhigalko, Sergei"]
[WhiteFideId "1217518"]
[BlackFideId "13502956"]
[WhiteElo "2482"]
[BlackElo "2662"]
[Result "1-0"]
[Round "09"]
[TimeControl "180+1"]
[Date "2021.08.03"]
[WhiteClock "0:00:07"]
[BlackClock "0:00:01"]

1. d4 Nf6 2. c4 e6 3. Nf3 b6 4. g3 Ba6 5. Qc2 Bb4+ 6. Bd2 Be7 7. Bg2 c6 8. O-O d5 9. b3 Nbd7 10. Bf4 O-O 11. Nbd2 Nh5 12. Ne5 Nxf4 13. gxf4 Rc8 14. Kh1 c5 15. cxd5 exd5 16. Bh3 Nxe5 17. dxe5 Bxe2 18. Bxc8 Qxc8 19. Rg1 Qe6 20. Qc3 g6 21. Rae1 Bb5 22. Qf3 Qf5 23. Nf1 Bc6 24. Ng3 Qh3 25. f5 Rc8 26. Qf4 Qh4 27. Qxh4 Bxh4 28. h3 Kf8 29. e6 d4+ 30. Kh2 d3 31. exf7 Kxf7 32. fxg6+ hxg6 33. Ne4 Rd8 34. Nd2 Bf6 35. Re3 Bd4 36. Reg3 Be5 37. f4 Bd6 38. Rf1 Bc7 39. Kg1 Rd4 40. Rg4 Bd7 41. f5 Rxg4+ 42. hxg4 gxf5 43. gxf5 Kf6 44. Rf3 Bxf5 45. Kf2 Kg5 46. Ke3 Be5 47. Ne4+ Bxe4 48. Kxe4 d2 49. Rd3 Bf4 50. Kd5 Kf5 51. a4 Bg5 52. Rf3+ Kg4 53. Rd3 Kf5 54. a5 1-0


[Site "https://www.chess.com"]